[Event "Titled Tuesday Blitz August 3 2021"]
[White "Ozen, Bahadir"]
[Black "FGHSMN"]
[WhiteFideId "6337058"]
[WhiteElo "2503"]
[BlackElo "2507"]
[Result "1/2-1/2"]
[Round "03"]
[TimeControl "180+1"]
[Date "2021.08.03"]
[WhiteClock "0:00:36"]
[BlackClock "0:00:22"]

1. Nf3 Nf6 2. e3 c5 3. Be2 d5 4. O-O Nc6 5. d4 e6 6. b3 Bd6 7. dxc5 Bxc5 8. Bb2 O-O 9. c4 b6 10. cxd5 Nxd5 11. Nc3 Nxc3 12. Bxc3 Bb7 13. Qxd8 Rfxd8 14. Rfd1 Rac8 15. Rxd8+ Rxd8 16. Rd1 Rxd1+ 17. Bxd1 Nb4 18. a3 Nd5 19. Bb2 Kf8 20. b4 Bd6 21. Kf1 f6 22. Bc2 h6 23. Ke2 Ke7 24. h4 e5 25. Nd2 Nc7 26. Be4 Ba6+ 27. Bd3 Bb7 28. g4 Ne6 29. Ne4 Bc7 30. Ng3 Kf7 31. Bc4 g6 32. h5 gxh5 33. gxh5 Bd6 34. Nf5 Bf8 35. f3 Bc8 36. Bc1 Ke8 37. Bb5+ Kd8 38. Bd3 Ng7 39. Nxg7 Bxg7 40. e4 Ke7 41. Bc4 Bd7 42. Be3 Be8 43. Kf2 Bxh5 44. a4 Bf7 45. Bd3 Kd7 46. a5 Kc7 47. axb6+ axb6 48. Bd2 Bf8 49. Kg3 h5 50. Kh4 Be7 51. Kg3 Bg6 52. Kh3 Bf7 53. Kg3 Kc6 54. Kh4 f5+ 55. Kh3 f4 56. Bc3 Be6+ 57. Kg2 Kd6 58. Be1 h4 59. Bf2 h3+ 60. Kh2 Kc6 61. Be1 b5 62. Bf1 Bc4 63. Bxh3 Be2 64. Kg2 Bd6 65. Be6 Bc4 66. Bf5 Kc7 67. Bg4 Kd8 68. Kh3 Be7 69. Bf5 Be2 70. Kg2 Ke8 71. Kf2 Bc4 72. Kg2 Kf7 73. Bg4 Kg6 74. Bd7 Kh5 75. Be8+ Kh6 76. Bd7 Kg7 77. Bg4 Kf7 78. Bd7 Bf6 79. Bf5 Ke7 80. Bc8 Kd8 81. Bf5 Be7 82. Bg4 Kc7 83. Bf5 Bd6 84. Bg4 Be2 85. Kf2 Bc4 86. Kg2 1/2-1/2


[Site "https://www.chess.com"]

[Event "Titled Tuesday Blitz August 3 2021"]
[White "Pacheco Lugo, Alejandro Jose"]
[Black "Maly, Alexey"]
[WhiteFideId "3903745"]
[BlackFideId "14103184"]
[WhiteElo "2125"]
[BlackElo "2285"]
[Result "1-0"]
[Round "03"]
[TimeControl "180+1"]
[Date "2021.08.03"]
[WhiteClock "0:01:41"]
[BlackClock "0:01:22"]

1. e4 c6 2. d4 d5 3. e5 Bf5 4. Nf3 e6 5. Be2 Nd7 6. O-O h6 7. Nbd2 Ne7 8. Nb3 Bg6 9. Bd2 Nf5 10. Rc1 Be7 11. g4 Nh4 12. Nxh4 Bxh4 13. f4 Be4 14. Bf3 Bxf3 15. Qxf3 O-O 16. f5 Bg5 17. Bxg5 Qxg5 18. Qg3 h5 19. Rf4 hxg4 20. Rxg4 Qh6 21. f6 g5 22. Rxg5+ Kh8 23. Rh5 Nxf6 24. exf6 Qxh5 25. Qg7# 1-0


[Site "https://www.chess.com"]

[Event "Titled Tuesday Blitz August 3 2021"]
[White "Pandey Srishti"]
[Black "Fayzullaev, Akmal"]
[WhiteFideId "35093290"]
[BlackFideId "14200554"]
[WhiteElo "1816"]
[BlackElo "2264"]
[Result "0-1"]
[Round "03"]
[TimeControl "180+1"]
[Date "2021.08.03"]
[WhiteClock "0:01:26"]
[BlackClock "0:01:55"]

1. d4 Nf6 2. c4 g6 3. Nc3 Bg7 4. e4 d6 5. Bd3 O-O 6. Nge2 c5 7. d5 e6 8. O-O exd5 9. cxd5 Re8 10. f4 Bg4 11. h3 Bxe2 12. Qxe2 Nbd7 13. Qf2 a6 14. a4 Rc8 15. Bc2 c4 16. Be3 Nc5 17. e5 Nfd7 18. Bd4 Qc7 19. exd6 Qxd6 20. Bxg7 Kxg7 21. Qd4+ Qf6 22. Qxc4 Ne4 23. Nxe4 Rxc4 24. Nxf6 Nxf6 25. Bb3 Rb4 26. Rf3 Re2 27. Rb1 Rd4 28. Rc3 Rdd2 29. Rg3 Ne4 30. Kh2 Nxg3 31. Kxg3 Re3+ 32. Kh2 Rxb3 33. Rc1 Rxd5 0-1


[Site "https://www.chess.com"]

[Event "Titled Tuesday Blitz August 3 2021"]
[White "Papasimakopoulos, Alexandros"]
[Black "Coto Mederos, Michel"]
[WhiteFideId "4244125"]
[BlackFideId "3508528"]
[WhiteElo "2352"]
[BlackElo "2427"]
[Result "1-0"]
[Round "03"]
[TimeControl "180+1"]
[Date "2021.08.03"]
[WhiteClock "0:01:17"]
[BlackClock "0:00:14"]

1. d4 f5 2. e4 fxe4 3. Nc3 Nf6 4. Bg5 g6 5. f3 e3 6. Bxe3 Bg7 7. Qd2 e6 8. h4 b6 9. O-O-O Bb7 10. Bh6 Qe7 11. Nh3 Na6 12. Bxg7 Qxg7 13. Nf4 Nb4 14. h5 g5 15. h6 Qe7 16. Nd3 Rg8 17. Nxb4 Qxb4 18. a3 Qe7 19. Bc4 O-O-O 20. d5 exd5 21. Nxd5 Nxd5 22. Bxd5 Rg6 23. Bxb7+ Kxb7 24. Rde1 Qf6 25. Qd5+ c6 26. Qe5 Rf8 27. Qxf6 Rfxf6 28. Re7 Rxh6 29. Rxd7+ Ka6 30. Rxh7 Rxh1+ 31. Rxh1 g4 32. fxg4 Rf2 33. g3 Rf3 34. Rh3 Kb5 35. g5 c5 36. g6 Rf6 37. Rh6 Rf3 38. a4+ Kxa4 39. Rh4+ Kb5 40. Rg4 Rf8 41. g7 Rg8 42. Rg6 Kc4 43. Kd2 b5 44. Ke3 b4 45. Rg5 a5 46. b3+ Kb5 47. Kd3 a4 48. bxa4+ Kxa4 49. Kc4 Ka3 50. Kxc5 Kb2 51. Kxb4 Kxc2 52. Kc4 Kd2 53. Kd5 Ke2 54. Ke6 Kf3 55. Kf7 1-0


[Site "https://www.chess.com"]

[Event "Titled Tuesday Blitz August 3 2021"]
[White "Petrovskyi, Vadym"]
[Black "Liyanage, Ranindu Dilshan"]
[WhiteFideId "14165210"]
[BlackFideId "9915834"]
[WhiteElo "2305"]
[BlackElo "1839"]
[Result "1-0"]
[Round "03"]
[TimeControl "180+1"]
[Date "2021.08.03"]
[WhiteClock "0:00:09"]
[BlackClock "0:00:12"]

1. e4 c5 2. Nf3 d6 3. d4 cxd4 4. Nxd4 Nf6 5. Nc3 a6 6. Bg5 e6 7. f4 Be7 8. Qf3 Qc7 9. O-O-O Nbd7 10. g4 b5 11. Bxf6 Nxf6 12. g5 Nd7 13. f5 Ne5 14. Qg3 Bd7 15. Bh3 b4 16. Nce2 Rc8 17. Qb3 Bxg5+ 18. Kb1 exf5 19. Nxf5 Bxf5 20. Bxf5 Rb8 21. Rhg1 Bf6 22. Nf4 O-O 23. Nd5 Qd8 24. Rdf1 Bg5 25. Qg3 Bh6 26. Qh3 Ng6 27. Nf6+ Qxf6 28. Bxg6 Qe5 29. Bf5 Kh8 30. Rd1 Rb5 31. Qd3 Rd8 32. h4 g6 33. Bh3 Bg7 34. Qb3 a5 35. Rg5 Qf6 36. Rxb5 a4 37. Qxb4 Qf3 38. Qe1 Qxh3 39. e5 Re8 40. Rxd6 a3 41. Rb3 Qf5 42. Rxa3 h5 43. Rdd3 Rxe5 44. Re3 Rd5 45. Qc1 Qd7 46. Red3 f5 47. Rxd5 Qxd5 48. Rd3 Qb5 49. Rb3 Qd5 50. c4 Qe4+ 51. Ka1 f4 52. c5 Be5 53. c6 Bc7 54. Qd1 f3 55. Rxf3 Qxc6 56. Rc3 Qb6 57. Qc2 Be5 58. Rb3 Qg1+ 59. Qb1 Qg4 60. a3 Qxh4 61. Rb4 Qf6 62. Qe4 h4 63. Qxh4+ Kg7 64. Qxf6+ Bxf6 65. a4 g5 66. a5 Be7 67. a6 Bxb4 68. a7 Kf6 69. a8=Q Bd6 70. Qg2 Be5 71. Ka2 Kf5 72. b4 g4 73. Kb3 1-0


[Site "https://www.chess.com"]

[Event "Titled Tuesday Blitz August 3 2021"]
[White "Ponikarovsky, Alexey"]
[Black "Song, Michael"]
[WhiteFideId "4122887"]
[BlackFideId "2613190"]
[WhiteElo "1944"]
[BlackElo "2274"]
[Result "1-0"]
[Round "03"]
[TimeControl "180+1"]
[Date "2021.08.03"]
[WhiteClock "0:01:14"]
[BlackClock "0:00:02"]

1. e4 e5 2. d4 exd4 3. Nf3 Nc6 4. Bc4 Nf6 5. Qe2 d6 6. h3 Ne5 7. Bb3 Nxf3+ 8. Qxf3 Be7 9. O-O Be6 10. Rd1 c5 11. e5 dxe5 12. Qxb7 O-O 13. Bg5 c4 14. Ba4 Rb8 15. Qf3 Rxb2 16. Nd2 Rb4 17. Bc6 Nd5 18. Bxd5 Bxg5 19. Bxe6 fxe6 20. Qg4 Bxd2 21. Qxe6+ Kh8 22. Rxd2 Qf6 23. Qd5 Rb2 24. a4 c3 25. Re2 Rbb8 26. Rf1 Rbe8 27. f3 Qf4 28. Re4 Qd2 29. Rf2 Qd1+ 30. Kh2 h6 31. Rxe5 Rc8 32. Re6 d3 33. Qd4 Qc1 34. Qxd3 Qf4+ 35. g3 Qxa4 36. h4 Rfd8 37. Qe3 Qd4 38. Re8+ Kh7 39. Qxd4 1-0


[Site "https://www.chess.com"]

[Event "Titled Tuesday Blitz August 3 2021"]
[White "Praggnanandhaa R"]
[Black "Shyaamnikhil P"]
[WhiteFideId "25059530"]
[BlackFideId "5024218"]
[WhiteElo "2555"]
[BlackElo "2300"]
[Result "1-0"]
[Round "03"]
[TimeControl "180+1"]
[Date "2021.08.03"]
[WhiteClock "0:00:56"]
[BlackClock "0:00:10"]

1. b3 d6 2. Bb2 e5 3. c4 f5 4. d4 Nc6 5. e3 Nf6 6. Nf3 e4 7. Ng5 h6 8. Nh3 g5 9. Nc3 Bg7 10. Qd2 a5 11. f3 Qe7 12. O-O-O Bd7 13. Nf2 O-O 14. a3 a4 15. b4 Nd8 16. Re1 c6 17. g4 d5 18. gxf5 Bxf5 19. fxe4 Nxe4 20. Nfxe4 Bxe4 21. Nxe4 dxe4 22. Bh3 Nf7 23. Rhf1 Nd6 24. Qe2 Rf3 25. Bg4 Rxf1 26. Rxf1 Rf8 27. Rxf8+ Qxf8 28. c5 Nb5 29. Be6+ Kh8 30. d5 Nc7 31. dxc6 bxc6 32. Bd7 Nd5 33. Bxc6 Nxe3 34. Bxg7+ Qxg7 35. Qxe3 Qa1+ 36. Kc2 Qa2+ 37. Kd1 1-0


[Site "https://www.chess.com"]

[Event "Titled Tuesday Blitz August 3 2021"]
[White "Quparadze, Giga"]
[Black "Martins, Igor Carvalho Ribeiro"]
[WhiteFideId "13602250"]
[BlackFideId "2162962"]
[WhiteElo "2658"]
[BlackElo "2505"]
[Result "1-0"]
[Round "03"]
[TimeControl "180+1"]
[Date "2021.08.03"]
[WhiteClock "0:00:51"]
[BlackClock "0:00:39"]

1. e4 c5 2. Nf3 d6 3. d4 cxd4 4. Nxd4 Nf6 5. Nc3 a6 6. h3 e5 7. Nde2 Be6 8. g4 h6 9. Bg2 Nbd7 10. Be3 Rc8 11. O-O Nb6 12. b3 Be7 13. a4 g6 14. Qd2 h5 15. g5 Nfd7 16. a5 Na8 17. h4 Nc7 18. f4 exf4 19. Nxf4 Ne5 20. Bb6 Qd7 21. Nxe6 Qxe6 22. Nd5 Nxd5 23. exd5 Qg4 24. Rf4 Qg3 25. Bf2 Qc3 26. Qxc3 Rxc3 27. Ra2 O-O 28. Bd4 Rc7 29. c4 f6 30. gxf6 Bxf6 31. Raf2 Rcf7 32. Bh3 Kg7 33. Be6 Re7 34. c5 dxc5 35. Bxe5 1-0


[Site "https://www.chess.com"]

[Event "Titled Tuesday Blitz August 3 2021"]
[White "Rasulov, Vugar"]
[Black "Arabidze, Meri"]
[WhiteFideId "13402390"]
[BlackFideId "13604040"]
[WhiteElo "2553"]
[BlackElo "2432"]
[Result "1-0"]
[Round "03"]
[TimeControl "180+1"]
[Date "2021.08.03"]
[WhiteClock "0:01:36"]
[BlackClock "0:00:08"]

1. d4 Nf6 2. c4 e6 3. Nf3 d5 4. Nc3 Nbd7 5. Bg5 Be7 6. e3 h6 7. Bh4 O-O 8. Rc1 c5 9. dxc5 Nxc5 10. cxd5 exd5 11. Be2 Be6 12. O-O Nce4 13. Nxe4 dxe4 14. Nd4 Bd7 15. Qb3 Qb6 16. Qxb6 axb6 17. a3 Rac8 18. Rfd1 Ba4 19. Nf5 Bc5 20. b4 Bxd1 21. Rxd1 g5 22. Nxh6+ Kh7 23. Bxg5 Be7 24. Nf5 Rfd8 25. Rf1 Rc2 26. Nxe7 Rxe2 27. Bxf6 Rd3 28. a4 Rb3 29. b5 Ra3 30. h4 Rxa4 31. Rd1 Raa2 32. Rd8 Re1+ 33. Kh2 1-0


[Site "https://www.chess.com"]

[Event "Titled Tuesday Blitz August 3 2021"]
[White "Rodrigue-Lemieux, Shawn"]
[Black "Mitusov, Semen"]
[WhiteFideId "2620049"]
[BlackFideId "14151049"]
[WhiteElo "1763"]
[BlackElo "2256"]
[Result "1/2-1/2"]
[Round "03"]
[TimeControl "180+1"]
[Date "2021.08.03"]
[WhiteClock "0:00:05"]
[BlackClock "0:00:10"]

1. c4 e5 2. g3 Nc6 3. Nc3 Bc5 4. Bg2 a6 5. Nf3 d6 6. O-O Nf6 7. d3 h6 8. a3 O-O 9. b4 Ba7 10. Bb2 Be6 11. e3 Qd7 12. Re1 e4 13. Nxe4 Nxe4 14. dxe4 Bxc4 15. e5 Rad8 16. Qc2 d5 17. Rad1 Qe6 18. Nd4 Bxd4 19. Bxd4 Nxd4 20. exd4 f5 21. exf6 Qxf6 22. Re5 Kh8 23. Rde1 b6 24. Qd2 Qf7 25. Re7 Qf6 26. R1e6 Qf5 27. Rxh6+ Kg8 28. Rhe6 c5 29. bxc5 bxc5 30. dxc5 d4 31. Re5 Qb1+ 32. Re1 Qf5 33. Be4 Qxc5 34. Re5 Qd6 35. Qg5 d3 36. Re7 Qf6 37. Qe3 d2 38. Rd1 Bb3 39. Qxb3+ Kh8 40. Re6 Qxf2+ 41. Kh1 Qe1+ 42. Kg2 Qe2+ 43. Kh3 Qh5+ 44. Kg2 Qe2+ 45. Kh3 Qh5+ 46. Kg2 Qe2+ 1/2-1/2


[Site "https://www.chess.com"]

[Event "Titled Tuesday Blitz August 3 2021"]
[White "Sadovsky, Artem"]
[Black "Pein, Jonathan"]
[WhiteFideId "4155840"]
[BlackFideId "417092"]
[WhiteElo "2442"]
[BlackElo "2167"]
[Result "0-1"]
[Round "03"]
[TimeControl "180+1"]
[Date "2021.08.03"]
[WhiteClock "0:00:03"]
[BlackClock "0:00:24"]

1. Nf3 d5 2. g3 Nc6 3. d4 Bg4 4. Bg2 Qd7 5. h3 Bh5 6. c4 e6 7. Nc3 f6 8. Qb3 O-O-O 9. cxd5 exd5 10. e3 Bf7 11. Bd2 g5 12. Rc1 h5 13. Na4 Nh6 14. Nc5 Bxc5 15. Rxc5 Nf5 16. Kd1 Nd6 17. Ne1 Ne4 18. Bxe4 dxe4 19. Qa4 Kb8 20. Nc2 f5 21. h4 f4 22. Rxg5 fxg3 23. fxg3 Rhg8 24. Kc1 Rxg5 25. hxg5 Qd5 26. g6 Bxg6 27. Rf1 a6 28. b3 Qg5 29. Nb4 Nxb4 30. Qxb4 Qxg3 31. Rf8 Rxf8 32. Qxf8+ Ka7 33. Qc5+ b6 34. Qc3 h4 35. Be1 Qh2 36. Bxh4 c5 37. dxc5 Qxh4 38. Qg7+ Kb8 39. cxb6 Qe1+ 40. Kb2 Qd2+ 41. Ka3 Qa5+ 42. Kb2 Qxb6 43. Qe5+ Kc8 44. Qh8+ Kd7 45. Qg7+ Ke8 46. Qh8+ Kf7 47. Qh6 Qf6+ 48. Ka3 Qd6+ 49. Kb2 a5 50. Qg5 Qf6+ 51. Qxf6+ Kxf6 52. Kc3 Kf5 53. Kd4 Kg4 54. a3 Kf3 55. b4 axb4 56. axb4 Be8 0-1


[Site "https://www.chess.com"]

[Event "Titled Tuesday Blitz August 3 2021"]
[White "Sanal, Vahap"]
[Black "Batsuren, Dambasuren"]
[WhiteFideId "6300545"]
[BlackFideId "4902920"]
[WhiteElo "2495"]
[BlackElo "2371"]
[Result "1-0"]
[Round "03"]
[TimeControl "180+1"]
[Date "2021.08.03"]
[WhiteClock "0:00:53"]
[BlackClock "0:00:02"]

1. e4 e5 2. Nf3 Nc6 3. Nc3 Nf6 4. d4 exd4 5. Nxd4 Bb4 6. Nxc6 bxc6 7. Bd3 d5 8. exd5 cxd5 9. O-O O-O 10. h3 c6 11. Qf3 Bd6 12. Bg5 Rb8 13. Rab1 h6 14. Bf4 Rb4 15. Ne2 Re8 16. c3 Rb6 17. Rfe1 c5 18. Ng3 Bxf4 19. Rxe8+ Qxe8 20. Qxf4 Be6 21. Qd2 Qa4 22. b3 Qa3 23. Re1 c4 24. bxc4 Rb2 25. Qe3 dxc4 26. Bf5 Nd5 27. Qe4 Rb6 28. Rd1 Qc5 29. Bxe6 fxe6 30. Qe5 Qa3 31. Nh5 Qf8 32. Rd4 Rb1+ 33. Kh2 Qb8 34. Qxb8+ Rxb8 35. Rxc4 Rb2 36. Rc8+ Kf7 37. c4 Ne7 38. Rc7 Rxa2 39. Kg3 g6 40. Nf4 Kf6 41. Kf3 Nf5 42. g4 Nd4+ 43. Ke4 e5 44. Nd5+ Kg5 45. Kxe5 Nf3+ 46. Ke4 Rxf2 47. Ke3 Rf1 48. Ke2 Nh2 49. c5 Rc1 50. c6 Rc5 51. Nb4 Kf6 52. Rxa7 Ke6 53. c7 Kd7 54. Na6 Rc6 55. Nb8+ 1-0


[Site "https://www.chess.com"]

[Event "Titled Tuesday Blitz August 3 2021"]
[White "Sarana, Alexey"]
[Black "MikeKorovin"]
[WhiteFideId "24133795"]
[WhiteElo "2646"]
[BlackElo "2720"]
[Result "1/2-1/2"]
[Round "03"]
[TimeControl "180+1"]
[Date "2021.08.03"]
[WhiteClock "0:00:12"]
[BlackClock "0:00:11"]

1. e4 e6 2. d4 d5 3. Nc3 Bb4 4. e5 Ne7 5. Qg4 c5 6. a3 Bxc3+ 7. bxc3 cxd4 8. Qxg7 Rg8 9. Qxh7 Qc7 10. Ne2 Nbc6 11. f4 Bd7 12. Qd3 dxc3 13. Nxc3 a6 14. Be3 Rc8 15. Ne2 Nf5 16. Bf2 Qa5+ 17. Qd2 Qa4 18. Nc3 Qa5 19. Bd3 Nce7 20. Ne4 Qxd2+ 21. Nxd2 Rxg2 22. h4 Bb5 23. h5 Bxd3 24. cxd3 Rc2 25. Rd1 Ng8 26. Rg1 Rxg1+ 27. Bxg1 Ng3 28. Rb1 b5 29. a4 Nxh5 30. axb5 axb5 31. Rxb5 Rc1+ 32. Kf2 Nxf4 33. Rb8+ Kd7 34. Bh2 Nxd3+ 35. Ke2 Rc8 36. Rb7+ Rc7 37. Rb8 Nc1+ 38. Kd1 Ne7 39. Bg1 Nf5 40. Bb6 Rc6 41. Ba5 Nd3 42. Rb7+ Kc8 43. Rxf7 Nxe5 44. Rh7 Nc4 45. Nb3 Nxa5 46. Nxa5 Rb6 47. Kc2 Nd6 48. Kc3 Nb7 49. Rh8+ Kc7 50. Rh7+ Kb8 51. Rh8+ Ka7 52. Nb3 e5 53. Rh5 Re6 54. Kb4 Kb6 55. Rh7 Kc6 56. Rxb7 Kxb7 57. Nc5+ Kc6 58. Nxe6 Kd6 59. Ng5 e4 60. Kc3 Ke5 61. Kd2 Kf4 62. Ne6+ Ke5 63. Nc5 d4 64. Nb3 Kd5 65. Ke2 Kc4 66. Nd2+ Kd5 67. Nf1 e3 68. Nxe3+ Ke4 69. Nc2 d3+ 70. Kd2 dxc2 71. Kxc2 1/2-1/2


[Site "https://www.chess.com"]

[Event "Titled Tuesday Blitz August 3 2021"]
[White "Savchenko, Boris"]
[Black "Mohammad Nubairshah Shaikh"]
[WhiteFideId "4147332"]
[BlackFideId "5053196"]
[WhiteElo "2542"]
[BlackElo "2382"]
[Result "1/2-1/2"]
[Round "03"]
[TimeControl "180+1"]
[Date "2021.08.03"]
[WhiteClock "0:00:10"]
[BlackClock "0:00:18"]

1. e4 Nf6 2. Nc3 d5 3. e5 Nfd7 4. d4 c5 5. e6 fxe6 6. Nf3 Nc6 7. Bd3 g6 8. dxc5 Nxc5 9. Bb5 Bg7 10. Be3 Qd6 11. Qd2 Bd7 12. O-O-O O-O-O 13. Rhe1 Rhf8 14. Bh6 Bxh6 15. Qxh6 Qf4+ 16. Qxf4 Rxf4 17. Ne2 Rf6 18. Bxc6 bxc6 19. Ng3 Kc7 20. Re3 Kd6 21. Ra3 Rff8 22. Rxa7 Ra8 23. Rxa8 Rxa8 24. a3 e5 25. b4 Na4 26. Ne4+ Ke6 27. Neg5+ Kf5 28. Nxh7 Nb6 29. Rd3 Nc4 30. Nh4+ Ke6 31. Nxg6 e4 32. Rc3 Be8 33. Nf4+ Ke5 34. g3 Nxa3 35. Kd1 Nc4 36. Ke2 Kd4 37. Rb3 Ra2 38. Kd1 Ra1+ 39. Ke2 Ra2 40. Ke1 Rxc2 41. Ne2+ Ke5 42. Ng5 Bh5 43. f4+ exf3 44. Nxf3+ Kd6 45. Nfd4 Ra2 46. h3 e5 47. Nf5+ Ke6 48. g4 Bg6 49. Rf3 d4 50. h4 Bxf5 51. gxf5+ Kf6 52. Ng3 Nd6 53. h5 e4 54. Rf4 Ke5 55. Rh4 Rg2 56. Nf1 Nxf5 57. Rh3 Rg7 58. Nd2 Kf4 59. Rh1 Ng3 60. Rh4+ Ke3 61. Rh3 Kf4 62. h6 Rh7 63. Rh4+ Kf5 64. Kf2 e3+ 65. Kxg3 exd2 66. Rxd4 Rxh6 67. Rxd2 Re6 68. Kf3 Re4 69. Rb2 Rc4 70. Ke3 Ke5 71. Kd3 Kd5 72. Rb1 Rd4+ 73. Kc3 Rc4+ 74. Kb3 Rd4 75. Rc1 Kd6 76. Ka4 Kc7 77. Ka5 Kb7 78. Re1 Rd5+ 79. Ka4 Kb6 80. Rc1 Rd2 81. Kb3 Rd3+ 82. Rc3 Rd5 83. Rc4 Rb5 84. Kc3 Rd5 85. Kb3 Rg5 86. Rc3 Rg4 87. Rc4 Rg2 88. Rc3 Rg1 89. Rc4 Rb1+ 90. Kc3 Rf1 91. Rc5 Rf4 92. Kb3 Rf3+ 93. Rc3 Rf8 94. Rc5 Ra8 95. Re5 Rd8 96. Re6 Rd4 97. Ka4 Rh4 98. Re3 Rg4 99. Rc3 Rf4 100. Kb3 Re4 101. Ka3 Rf4 102. Kb3 Rg4 103. Ka3 Rg2 104. Kb3 Rg1 105. Ka3 Rg8 106. Kb3 Ra8 107. Rc4 Ra7 108. Rc3 Rc7 109. Rc4 Kb5 110. Rc5+ Kb6 111. Re5 Rd7 112. Re6 Rd4 113. Kc3 Rh4 114. Re5 Rh3+ 115. Kc4 Rh4+ 116. Kc3 Rh3+ 117. Kc4 1/2-1/2


[Site "https://www.chess.com"]

[Event "Titled Tuesday Blitz August 3 2021"]
[White "Seo, Jung Min"]
[Black "Chen, Max"]
[WhiteFideId "1734687"]
[BlackFideId "2622440"]
[WhiteElo "2486"]
[BlackElo "2424"]
[Result "0-1"]
[Round "03"]
[TimeControl "180+1"]
[Date "2021.08.03"]
[WhiteClock "0:00:04"]
[BlackClock "0:00:05"]

1. d4 f5 2. g3 Nf6 3. Bg2 e6 4. c3 Be7 5. Nd2 O-O 6. Ngf3 d5 7. O-O c5 8. Ne5 Nc6 9. Ndf3 Qb6 10. b3 a5 11. Be3 a4 12. c4 cxd4 13. Nxc6 bxc6 14. Bxd4 Bc5 15. cxd5 cxd5 16. bxa4 Bd7 17. Rb1 Qd6 18. Be5 Qa6 19. Qc2 Rac8 20. Qb2 Bxa4 21. Rbc1 Bb5 22. Nd4 Ba3 23. Qd2 Bxc1 24. Rxc1 Rxc1+ 25. Qxc1 Bc4 26. h3 Nd7 27. Qe3 Re8 28. a3 Nxe5 29. Qxe5 Qxa3 30. Nxf5 Qc1+ 31. Kh2 Qg5 32. g4 Bb5 33. f4 Qf6 34. Qxf6 gxf6 35. Nd6 Rb8 36. f5 Bd7 37. fxe6 Bxe6 38. e4 d4 39. Bf1 Kf8 40. Kg3 Ke7 41. Nb5 Rd8 42. Kf2 d3 43. Nc3 Bc4 44. Ke3 Ke6 45. h4 Ke5 46. g5 fxg5 47. hxg5 Rg8 48. Nd1 Rxg5 49. Nf2 Rg3+ 50. Kd2 Rf3 51. Nxd3+ Bxd3 52. Bxd3 h5 53. Ke2 Rg3 54. Bc2 Kd4 55. Kf2 Rc3 56. Bd1 h4 57. Bf3 Ke5 58. Kg2 Kf4 59. Bd1 Kxe4 60. Kh2 Kf4 61. Bh5 Rg3 62. Be8 Re3 63. Bc6 Kg5 64. Bd5 Kg4 65. Bc6 Re2+ 66. Kg1 Kg3 0-1


[Site "https://www.chess.com"]

[Event "Titled Tuesday Blitz August 3 2021"]
[White "Shapkin, Anatoliy"]
[Black "Grochal, Joey"]
[WhiteFideId "34108332"]
[BlackFideId "1019945"]
[WhiteElo "2223"]
[BlackElo "2265"]
[Result "0-1"]
[Round "03"]
[TimeControl "180+1"]
[Date "2021.08.03"]
[WhiteClock "0:00:21"]
[BlackClock "0:01:04"]

1. d4 Nf6 2. c4 e6 3. g3 d5 4. Nf3 Be7 5. Bg2 O-O 6. O-O dxc4 7. Nc3 c5 8. dxc5 Na6 9. Ne5 Nxc5 10. Nxc4 Qxd1 11. Rxd1 Rd8 12. Bf4 Ne8 13. Rxd8 Bxd8 14. Rd1 Be7 15. Na5 f6 16. b4 Na6 17. a3 e5 18. Be3 Nd6 19. Nd5 Bf8 20. Rc1 b6 21. Nxf6+ gxf6 22. Bxa8 bxa5 23. b5 Nb8 24. Bxa7 Nd7 25. a4 Kf7 26. b6 Ke8 27. Rxc8+ Nxc8 28. b7 Nxa7 0-1


[Site "https://www.chess.com"]

[Event "Titled Tuesday Blitz August 3 2021"]
[White "Shimelkov, Vasiliy"]
[Black "Bortnyk, Olexandr"]
[WhiteFideId "13701630"]
[BlackFideId "14120828"]
[WhiteElo "2073"]
[BlackElo "2723"]
[Result "0-1"]
[Round "03"]
[TimeControl "180+1"]
[Date "2021.08.03"]
[WhiteClock "0:00:14"]
[BlackClock "0:00:56"]

1. d4 f5 2. c4 Nf6 3. g3 d6 4. Nf3 g6 5. Bg2 Bg7 6. O-O O-O 7. b3 Na6 8. Bb2 c6 9. Nbd2 Ne4 10. e3 Nac5 11. Qc2 Nxd2 12. Nxd2 Ne6 13. d5 cxd5 14. Bxg7 Nxg7 15. cxd5 Bd7 16. a4 Rc8 17. Qd3 Qa5 18. e4 Qc3 19. Qe2 f4 20. gxf4 Nh5 21. e5 Nxf4 22. Qe3 Qxe3 23. fxe3 Nxg2 24. Kxg2 Rc2 25. Rxf8+ Kxf8 26. Rf1+ Ke8 27. Rf2 dxe5 28. Nc4 Rc3 29. Nxe5 Rxe3 30. Nxd7 Kxd7 31. b4 Re4 32. Rf7 Rxb4 33. Rxh7 Rxa4 34. Rg7 Rg4+ 35. Kf3 Rg5 36. h4 Rf5+ 37. Ke4 Rf6 38. Ke5 Rf5+ 39. Ke4 Rh5 40. Rxg6 Rxh4+ 0-1


[Site "https://www.chess.com"]

[Event "Titled Tuesday Blitz August 3 2021"]
[White "Shkapenko, Pavel"]
[Black "Svane, Rasmus"]
[WhiteFideId "4151933"]
[BlackFideId "4657101"]
[WhiteElo "2386"]
[BlackElo "2669"]
[Result "1-0"]
[Round "03"]
[TimeControl "180+1"]
[Date "2021.08.03"]
[WhiteClock "0:00:39"]
[BlackClock "0:00:14"]

1. e4 c6 2. d4 d5 3. e5 Bf5 4. h4 h5 5. Bd3 Bxd3 6. Qxd3 Qa5+ 7. Bd2 Qa6 8. e6 Qxd3 9. exf7+ Kxf7 10. cxd3 Nd7 11. Nf3 Re8 12. Bf4 Nh6 13. O-O Nf5 14. Nbd2 g6 15. Ng5+ Kg8 16. Ne6 Bg7 17. Nf3 Bf6 18. g3 Nf8 19. Rfe1 Nxe6 20. Rxe6 Nxd4 21. Nxd4 Bxd4 22. Rae1 Kf7 23. b4 Bc3 24. R1e2 Bxb4 25. d4 Bd6 26. Bg5 b6 27. Kg2 c5 28. dxc5 bxc5 29. R6e3 d4 30. Rf3+ Kg7 31. Re6 Rhf8 32. Ra3 c4 33. Rxa7 c3 34. Rxd6 Ra8 35. Rxe7+ Kh8 36. Rdd7 Rfe8 37. Bf6+ Kg8 38. Rg7+ Kf8 39. Rdf7# 1-0


[Site "https://www.chess.com"]

[Event "Titled Tuesday Blitz August 3 2021"]
[White "Siva Mahadevan"]
[Black "Kovalev, Egor"]
[WhiteFideId "25043153"]
[BlackFideId "24124117"]
[WhiteElo "2203"]
[BlackElo "2253"]
[Result "1-0"]
[Round "03"]
[TimeControl "180+1"]
[Date "2021.08.03"]
[WhiteClock "0:00:49"]
[BlackClock "0:00:31"]

1. e4 c5 2. Nf3 e6 3. d4 cxd4 4. Nxd4 Nf6 5. Nc3 d6 6. g4 h6 7. Rg1 Nc6 8. h4 d5 9. exd5 Nxd5 10. Nxd5 exd5 11. Be3 Qxh4 12. Nb5 Qd8 13. Bf4 Bb4+ 14. c3 Ba5 15. Nd6+ Kf8 16. Qxd5 Be6 17. Qb5 Bb6 18. O-O-O Qf6 19. Be3 Bxe3+ 20. fxe3 Qf3 21. Bg2 Qxe3+ 22. Kb1 Rb8 23. Bxc6 a6 24. Qb4 a5 25. Qa3 Kg8 26. Bb5 Kh7 27. Bd3+ g6 28. Rge1 Qf3 29. Rf1 Qxg4 30. Nxf7 Rhf8 31. Qe7 Rbe8 32. Ng5+ 1-0


[Site "https://www.chess.com"]

[Event "Titled Tuesday Blitz August 3 2021"]
[White "Skatchkov, Pavel"]
[Black "Degenbaev, Aziz"]
[WhiteFideId "4121848"]
[BlackFideId "13802640"]
[WhiteElo "2476"]
[BlackElo "1906"]
[Result "1-0"]
[Round "03"]
[TimeControl "180+1"]
[Date "2021.08.03"]
[WhiteClock "0:00:31"]
[BlackClock "0:00:01"]

1. d4 f5 2. c4 Nf6 3. Nc3 g6 4. g3 Bg7 5. Bg2 O-O 6. Nf3 d6 7. O-O Qe8 8. b3 e5 9. dxe5 dxe5 10. Bb2 c6 11. Qc2 h6 12. Rad1 g5 13. Na4 Nbd7 14. Qxf5 e4 15. Ne1 Qh5 16. Qe6+ Kh8 17. g4 Nxg4 18. Bxg7+ Kxg7 19. Rxd7+ Bxd7 20. Qxd7+ Rf7 21. Qd4+ Kg8 22. h3 Nf6 23. Nc3 Re8 24. f3 exf3 25. Rxf3 Nd7 26. Nd3 Rxf3 27. exf3 Qf7 28. Ne4 Rf8 29. Qxa7 Nf6 30. Qd4 Nxe4 31. fxe4 Qh5 32. Ne5 Qe8 33. Ng4 Qg6 34. e5 Qb1+ 35. Kh2 Qg6 36. Be4 Qe6 37. Qd6 Qxd6 38. exd6 Kg7 39. d7 Rd8 40. Bf5 h5 41. Ne3 Kf6 42. c5 Ke7 43. Kg3 Ra8 44. a4 1-0


[Site "https://www.chess.com"]

[Event "Titled Tuesday Blitz August 3 2021"]
[White "Solon, Nathan"]
[Black "Wyde, David"]
[WhiteFideId "2017229"]
[BlackFideId "2028107"]
[WhiteElo "2619"]
[BlackElo "2394"]
[Result "1-0"]
[Round "03"]
[TimeControl "180+1"]
[Date "2021.08.03"]
[WhiteClock "0:00:13"]
[BlackClock "0:00:11"]

1. d4 Nf6 2. c4 e6 3. g3 c5 4. d5 exd5 5. cxd5 d6 6. Nc3 g6 7. Bg2 a6 8. a4 Bg7 9. Nf3 O-O 10. O-O Nbd7 11. Bf4 Qe7 12. h3 Rb8 13. e4 Nh5 14. Bg5 Bf6 15. h4 b5 16. axb5 axb5 17. Ra7 b4 18. Na4 Bxg5 19. Nxg5 h6 20. Nh3 Qf6 21. Qd2 Kg7 22. Nf4 Nxf4 23. Qxf4 Ne5 24. Qe3 Re8 25. Re1 Ng4 26. Qe2 Qd4 27. b3 h5 28. Bf3 Ne5 29. Kg2 Nxf3 30. Qxf3 Bf5 31. exf5 Rxe1 32. fxg6 Qe4 33. gxf7 Qxf3+ 34. Kxf3 Rf8 35. Nb6 Rxf7+ 36. Rxf7+ Kxf7 37. Nc4 Ke7 38. Kf4 Rb1 39. Nd2 Rb2 40. Ke3 Kf6 41. f3 Ke7 42. g4 hxg4 43. fxg4 Rc2 44. h5 Rc1 45. g5 Rg1 46. Nf3 Rg3 47. Kf4 Rh3 48. h6 c4 49. bxc4 Rxf3+ 50. Kxf3 b3 51. h7 Kf7 52. h8=Q 1-0


[Site "https://www.chess.com"]